 Dungeon Crawl Stone Soup version 0.30-a0-723-gc1506a1cf0 (webtiles) character file.

Game seed: 3874407732220472201

88 hbarley the Slasher (level 4, 0/38 HPs)
             Began as a Gnoll Wanderer on Jan 28, 2023.
             Was a Follower of Vehumet.
             Succumbed to an adder's poison
             ... on level 3 of the Dungeon.
             The game lasted 00:10:12 (1459 turns).

hbarley the Slasher (Gnoll Wanderer)                Turns: 1459, Time: 00:10:12

Health: 0/38       AC:  6    Str: 11    XL:     4   Next: 53%
Magic:  5/5        EV: 12    Int:  8    God:    Vehumet [*.....]
Gold:   154        SH:  0    Dex: 23    Spells: 5/5 levels left

rFire   . . .      SeeInvis .    b - +0 falchion
rCold   . . .      Faith    .    (no shield)
rNeg    . . .      Spirit   .    h - +0 ring mail
rPois   .          Reflect  .    (no helmet)
rElec   .          Harm     .    (no cloak)
rCorr   +          Rampage  .    c - +0 pair of gloves
Will    .....                    (no boots)
Stlth   ++                       (no amulet)
HPRegen 0.26/turn                o - ring of resist corrosion
MPRegen 0.09/turn                t - +6 ring of dexterity

@: lethally poisoned (0 -> -2)
A: fangs 1, strong nose, distributed training
a: Renounce Religion


You were on level 3 of the Dungeon.
You worshipped Vehumet.
Vehumet was aware of your devotion.
You visited 1 branch of the dungeon, and saw 3 of its levels.

You collected 154 gold pieces.

Inventory:

Hand Weapons
 a - a +2 sling
 b - a +0 falchion (weapon)
 p - a +2 dagger of venom
Missiles
 r - a throwing net
Armour
 c - a +0 pair of gloves (worn)
 e - a +0 leather armour
 h - a +0 ring mail (worn)
Jewellery
 o - a ring of resist corrosion (left hand)
 t - a +6 ring of dexterity (right hand)
Scrolls
 d - 2 scrolls of fog
 g - 7 scrolls of identify {unknown}
 j - 2 scrolls of vulnerability {unknown}
 m - a scroll of noise {unknown}
 s - a scroll of immolation {unknown}
 u - a scroll of enchant weapon {unknown}
 v - 4 scrolls of enchant armour {unknown}
Potions
 f - 3 potions of curing {unknown}
 i - a potion of degeneration {unknown}
 k - 5 potions of brilliance {unknown}
 l - a potion of ambrosia {unknown}
 n - a potion of attraction {unknown}
 q - a potion of lignification {unknown}
 w - a potion of flight {unknown}


   Skills:
 + Level 4.7 Fighting
 + Level 1.2 Short Blades
 + Level 6.6 Long Blades
 + Level 1.2 Axes
 + Level 1.2 Maces & Flails
 + Level 1.2 Polearms
 + Level 1.2 Staves
 + Level 4.7 Ranged Weapons
 + Level 1.2 Throwing
 + Level 1.2 Armour
 + Level 2.8 Dodging
 + Level 2.6 Stealth
 + Level 1.2 Shields
 + Level 1.2 Unarmed Combat
 + Level 1.2 Spellcasting
 + Level 1.0 Conjurations
 + Level 1.0 Hexes
 + Level 1.0 Summonings
 + Level 1.0 Necromancy
 + Level 1.0 Translocations
 + Level 1.0 Transmutations
 + Level 1.0 Fire Magic
 + Level 1.0 Ice Magic
 + Level 1.0 Air Magic
 + Level 1.0 Earth Magic
 + Level 1.0 Poison Magic
 + Level 1.3 Invocations
 + Level 2.8 Evocations


You had 5 spell levels left.
You didn't know any spells.
Your spell library contained the following spells:

 Spells                   Type           Power      Damage    Failure   Level
 Kiss of Death            Conj/Necr      8%         2d6       52%         1
 Freeze                   Ice            8%         1d3       52%         1
 Frozen Ramparts          Ice            4%         1d1       87%         3
 Hailstorm                Conj/Ice       2%         3d3       87%         3


Dungeon Overview and Level Annotations

Branches:
Dungeon (3/15)

Altars:
Vehumet

Shops:
D:3 (


Innate Abilities, Weirdness & Mutations

You have very sharp teeth.
Your uncanny sense of smell can sniff out nearby items.
Your experience applies equally to all skills.


Message History

The rat bites the bush but does no damage.
The rat bites the bush but does no damage.
You closely miss the rat. The rat barely misses you.
You slash the rat!
You kill the rat!
Vehumet accepts your kill.
You see here a rat corpse.
k - 5 bubbling purple potions (gained 2)
v - 4 scrolls labelled JICWIK LIYGG (gained 1)
You now have 154 gold pieces (gained 8).
w - a bubbling orange potion An adder comes into view.
Found a stone staircase leading down.
An ogre comes into view. It is wielding a +0 giant club.
Found 4 stones.
The adder hisses angrily.
The ogre shouts!
The adder barely misses you.
You hit the adder.
The adder is moderately wounded.
The adder closely misses you.
You completely miss the adder.
The adder is moderately wounded.
The adder closely misses you.
You miss the adder.
The adder is moderately wounded.
The adder bites you but does no damage.
The ogre hits you with a +0 giant club!!
The adder bites you but does no damage.
You completely miss the ogre. The adder bites you.
You are poisoned.
The adder poisons you!
You slash the ogre!
The ogre is moderately wounded.
You feel sick. The ogre hits you with a +0 giant club!
* * * LOW HITPOINT WARNING * * *
The adder bites you.
* * * LOW HITPOINT WARNING * * *
* * * LOW HITPOINT WARNING * * *
You feel sick.
You die... ..#(≈§.§ ##.#.... #....≈≈ . ....≈ .. #### .... §.≈ ....# #.. ≈≈.≈ ####.##.#### #>##.....
PPPPPPP.PPP#

####S.......
†...P.P.P.P#
#.@.O#......
P.P.P.P.P.P##
#.#### #####
P.P.P.P.....###.#
P.PPP.P.PPP.....#
P.........P####.#


PPP.PPP.PPP# #... P...P.P.P.P# ##### P.PPP.P.P.P P.....P...P# You could see an
ogre and an adder.

Vanquished Creatures
  5 adders
  An ufetubus (D:2)
  A dart slug (D:2)
  4 endoplasms
  4 goblins
  6 hobgoblins
  A quokka (D:1)
  2 ball pythons
  4 bats
  3 kobolds (D:2)
  5 rats
36 creatures vanquished.

Notes
Turn   | Place    | Note
-------+----------+-------------------------------------------
     0 | D:1      | hbarley the Gnoll Wanderer began the quest for the Orb.
     0 | D:1      | hbarley set off with the following items: a +2 sling, a +0
                  | falchion, a +0 pair of gloves, a scroll of fog, a +0
                  | leather armour.
     0 | D:1      | Reached XP level 1. HP: 20/20 MP: 1/1
   209 | D:1      | Reached XP level 2. HP: 25/26 MP: 2/2
   719 | D:2      | Reached XP level 3. HP: 28/31 MP: 3/3
   724 | D:2      | Found a faded altar of an unknown god.
   739 | D:2      | Reached skill level 1 in Invocations
   785 | D:2      | Prayed at the altar of an unknown god.
   785 | D:2      | Became a worshipper of Vehumet
   785 | D:2      | Reached * piety under Vehumet
   785 | D:2      | Offered knowledge of Kiss of Death by Vehumet.
   810 | D:2      | Reached skill level 1 in Short Blades
   810 | D:2      | Reached skill level 1 in Axes
   810 | D:2      | Reached skill level 1 in Maces & Flails
   810 | D:2      | Reached skill level 1 in Polearms
   810 | D:2      | Reached skill level 1 in Staves
   810 | D:2      | Reached skill level 1 in Throwing
   810 | D:2      | Reached skill level 1 in Armour
   810 | D:2      | Reached skill level 1 in Shields
   810 | D:2      | Reached skill level 1 in Unarmed Combat
   810 | D:2      | Reached skill level 1 in Spellcasting
   881 | D:2      | Reached XP level 4. HP: 27/38 MP: 5/5
  1385 | D:3      | Found Cafycair's Weapon Shoppe.
  1394 | D:3      | Reached skill level 1 in Conjurations
  1394 | D:3      | Reached skill level 1 in Hexes
  1394 | D:3      | Reached skill level 1 in Summonings
  1394 | D:3      | Reached skill level 1 in Necromancy
  1394 | D:3      | Reached skill level 1 in Translocations
  1394 | D:3      | Reached skill level 1 in Transmutations
  1394 | D:3      | Reached skill level 1 in Fire Magic
  1394 | D:3      | Reached skill level 1 in Ice Magic
  1394 | D:3      | Reached skill level 1 in Air Magic
  1394 | D:3      | Reached skill level 1 in Earth Magic
  1394 | D:3      | Reached skill level 1 in Poison Magic
  1449 | D:3      | Noticed an ogre
  1457 | D:3      | HP: 1/38 [adder (2)]
  1459 | D:3      | Succumbed to an adder's poison

Illustrated notes

Levels and vault maps discovered:
D:1:      minmay_arrival_hallway, layout_loops_ring
D:2:      layout_basic, shapermc_ecumenical_altar_starsandcircs
D:3:      layout_loops_ring, mainiacjoe_overflow_small_starburst, serial_shops,
          nicolae_shop_temple_entry_statues_fountains, minmay_hedge_maze,
          uniq_robin

Skill      XL: |  1  2  3  4 |
---------------+-------------+-----
Invocations    | 1 |  1.3
Short Blades   | 1 |  1.2
Axes           | 1 |  1.2
Maces & Flails | 1 |  1.2
Polearms       | 1 |  1.2
Staves         | 1 |  1.2
Throwing       | 1 |  1.2
Armour         | 1 |  1.2
Shields        | 1 |  1.2
Unarmed Combat | 1 |  1.2
Spellcasting   | 1 |  1.2
Conjurations   | 1 |  1.0
Hexes          | 1 |  1.0
Summonings     | 1 |  1.0
Necromancy     | 1 |  1.0
Translocations | 1 |  1.0
Transmutations | 1 |  1.0
Fire Magic     | 1 |  1.0
Ice Magic      | 1 |  1.0
Air Magic      | 1 |  1.0
Earth Magic    | 1 |  1.0
Poison Magic   | 1 |  1.0
Fighting       | |  4.7
Long Blades    | |  6.6
Ranged Weapons | |  4.7
Dodging        | |  2.8
Stealth        | |  2.6
Evocations     | |  2.8

Action                     |  1- 3 |  4- 6 || total
---------------------------+-------+-------++-------
  Melee: Falchion          |    85 |    36 ||   121
         Bite              |     6 |     3 ||     9
   Stab: Sleeping          |     1 |     1 ||     2
 Armour: Ring mail         |    54 |    16 ||    70
  Dodge: Dodged            |    61 |    30 ||    91

Table legend: (Time is in decaauts)
 A = Elapsed time spent in this place.
 B = Non-inter-level travel time spent in this place.
 C = Inter-level travel time spent in this place.
 D = Time resting spent in this place.
 E = Time spent auto-exploring this place.
 F = Levels seen in this place.
 G = Mean time per level.
                   A        B        C        D        E       F      G
               +--------+--------+--------+--------+--------+-----+--------+
         Total |   1456 |   1239 |    217 |     39 |    920 |   3 |  485.3 |
       Dungeon |   1456 |   1239 |    217 |     39 |    920 |   3 |  485.3 |
               +--------+--------+--------+--------+--------+-----+--------+

Top non-repeatable levels by time:
     D:1: 701 daAuts
     D:2: 681 daAuts
     D:3: 73 daAuts
